 Dungeon Crawl Stone Soup version 0.32-a0-468-g38b2580584 (webtiles) character file.

Game seed: 6873875811965087326

5275 ezpacito the Trooper (level 10, -3/76 HPs)
             Began as a Demonspawn Chaos Knight on Feb 24, 2024.
             Was a Plaything of Xom.
             Killed from afar by an eye of devastation (shapeshifter) (16 damage)
             ... with a bolt of devastation
             ... on level 8 of the Dungeon.
             The game lasted 00:14:33 (8717 turns).

ezpacito the Trooper (Demonspawn Chaos Knight)      Turns: 8717, Time: 00:14:34

Health: -3/76      AC: 10    Str: 16    XL:     10   Next: 36%
Magic:  0/34       EV:  9    Int: 16    God:    Xom [....*.]
Gold:   189        SH:  4    Dex: 14    Spells: 2/18 levels left

rFire   . . .        n - +2 war axe "Locriza" {venom, rC+ MP+9 Stlth+}
rCold   + . .        J - orb {light}
rNeg    . . .        t - +0 chain mail
rPois   +            (helmet restricted)
rElec   .            N - +0 cloak
rCorr   .            I - +0 pair of gloves
SInv    +            w - +0 pair of boots
Will    .....        C
                       - Hermit's Pendant {Faith Invo=14 Evo=0 MP+5}
Stlth   +            b - ring of the Gloaming {Int+4 SInv Stlth+}
HPRegen 0.32/turn    o - ring of poison resistance
MPRegen 0.48/turn

%: guardian spirit, faith
@: weak-willed, cleaving, glowing
A: large bone plates 1, magic shield, magic regeneration, magic link, antennae
2, hooves 1, deformed body, deterioration 1, shaggy fur 1, evolution 1
a: Renounce Religion


You were on level 8 of the Dungeon.
You worshipped Xom.
You were a beloved toy of Xom.
You visited 1 branch of the dungeon, and saw 9 of its levels.

You collected 319 gold pieces.
You spent 130 gold pieces at shops.

Inventory:

Hand Weapons
 a - a +0 hand axe of chaos
 m - a +1 hand axe of venom
 n - the +2 war axe "Locriza" (weapon) {venom, rC+ MP+9 Stlth+}
   (You took it off a gnoll on level 9 of the Dungeon)

   rC+:       It protects you from cold.
   MP+9:      It affects your magic capacity (+9).
   Stlth+:    It makes you more stealthy.
 E - a +0 broad axe
Missiles
 z - 15 poisoned darts (quivered)
 B - a throwing net
Armour
 t - a +0 chain mail (worn)
 w - a +0 pair of boots (worn)
 G - a +0 helmet
 I - a +0 pair of gloves (worn)
 J - an orb of light (worn)
 N - a +0 cloak (worn)
Magical Staves
 h - a staff of earth
 M - a staff of fire
Jewellery
 b - the ring of the Gloaming (left hand) {Int+4 SInv Stlth+}
   (You found it on level 7 of the Dungeon)

   [ring of see invisible]

   Int+4:     It affects your intelligence (+4).
   SInv:      It lets you see invisible.
   Stlth+:    It makes you more stealthy.
 f - a ring of positive energy
 o - a ring of poison resistance (right hand)
 C - the Hermit's Pendant (around neck) {Faith Invo=14 Evo=0 MP+5}
   (You found it on level 3 of the Dungeon)

   [amulet of faith]

   Invo=14: It sets your Invocations skill to 14.
   Evo=0: It sets your Evocations skill to 0.
   Faith:     It allows you to gain divine favour quickly.
   MP+5:      It affects your magic capacity (+5).
Talismans
 i - a flux talisman
Wands
 q - a wand of mindburst (7)
 u - a wand of flame (39)
 H - a wand of iceblast (9)
Scrolls
 c - a scroll of poison {unknown}
 d - 2 scrolls of immolation
 e - 2 scrolls of fog
 j - 3 scrolls of noise
 l - a scroll of enchant armour {unknown}
 p - 2 scrolls of teleportation
 v - a scroll of vulnerability {unknown}
 A - 2 scrolls of fear
 O - 3 scrolls of enchant weapon {unknown}
Potions
 g - a potion of enlightenment
 r - a potion of brilliance
 s - 2 potions of resistance
 x - a potion of berserk rage {unknown}
 D - 2 potions of attraction
 F - a potion of lignification {unknown}
 K - 5 potions of invisibility
 L - a potion of might {unknown}
 P - 2 potions of haste {unknown}


   Skills:
 * Level 6.2 Fighting
 * Level 5.5(6.0) Axes
 + Level 3.2(4.8) Polearms
 + Level 3.0 Throwing
 * Level 5.1 Armour
 * Level 4.9 Dodging
 + Level 3.4 Stealth
 * Level 4.7 Unarmed Combat
 * Level 4.5 Spellcasting
 + Level 0.8 Conjurations
 + Level 2.3 Hexes
 + Level 0.8 Fire Magic
 + Level 0.7 Ice Magic
 + Level 0.8 Earth Magic
 - Level 0.3(14.0) Invocations
 - Level 3.0(0.0) Evocations


You had 2 spell levels left.
You knew the following spells:

 Your Spells              Type           Power      Damage    Failure   Level
a - Ozocubu's Armour      Ice            5%         N/A       98%         3
b - Metabolic Englaciati  Hex/Ice        4%         N/A       100%        5
c - Lehudib's Crystal Sp  Conj/Erth      3%         10d2      100%        8

Your spell library contained the following spells:

 Spells                   Type           Power      Damage    Failure   Level
 Scorch                   Fire           12%        2d5       87%         2
 Flame Wave               Conj/Fire      6%         2d5       100%        4
 Passage of Golubria      Tloc           3%         N/A       100%        4
 Silence                  Hex/Air        3%         N/A       100%        5
 Sculpt Simulacrum        Ice/Alch       2%         N/A       100%        6
 Summon Cactus Giant      Summ           1%         N/A       100%        6


Dungeon Overview and Level Annotations

Branches:
Dungeon (9/15)             Temple (0/1) D:6            Lair (0/5) D:8
    Orc: D:9-12

Altars:
Fedhas
Qazlal
Sif Muna

Shops:
D:4 *   D:8 :


Innate Abilities, Weirdness & Mutations

You are partially covered in large bone plates. (SH +4)
When hurt, damage is shared between your health and your magic reserves.
You regenerate magic rapidly.
When low on magic, you restore magic in place of health.
You have a pair of antennae on your head.
You have large cloven feet.
Armour fits poorly on your strangely shaped body.
Your body sometimes deteriorates upon taking damage.
You are covered in fur. (AC +1)
You have hidden genetic potential.


Message History

The two-headed ogre hits you with a +0 giant club!
The two-headed ogre hits you with a +0 giant club!!
You hit the two-headed ogre.
The two-headed ogre looks as sick as possible!
The two-headed ogre is moderately wounded.
The two-headed ogre hits you with a +0 giant club!!
* * * LOW HITPOINT WARNING * * *
The two-headed ogre hits you with a +0 giant club!!
You die... "Hey, that's my teddy bear!"
Xom revives you!
Unknown command.
Unknown command.
Okay, then.
As you read the scroll of fear, it crumbles to dust.
You assume a fearsome visage.
The two-headed ogre resists with some effort. "Hum-dee-hum-dee-hum..."
The two-headed ogre changes into a shapeshifter!
The shapeshifter changes into an eye of devastation!
It was a potion of mutation.
You feel extremely strange.
You feel more encumbered by your armour.
Your vision seems duller.
Your magical essence no longer links to wands of the dungeon.
You feel yourself wasting away.
The antennae on your head grow some more.
Xom roars with laughter!
Okay, then.
Aiming: Quicksilver Bolt
Press: ? - help, Shift-Dir - straight line, f - eye of devastation
Aim: an eye of devastation shaped shifter (haloed, 100% to hit)
The bolt of dispelling energy hits the eye of devastation!
The eye of devastation is lightly wounded.
The now-empty wand crumbles to dust.
You hit the eye of devastation but do no damage.
The eye of devastation is lightly wounded.
The eye of devastation gazes at you. The bolt of devastation hits you!!
Your willpower is stripped away!
You die...
Xom roars with laughter!

#.# #.. #.# #.≈ #.# #≈≈ #.#
#≈≈ #.# #≈≈ #.# ##≈ #.#
######## #G#########.......
#@................
####################.######
#....................[.....
#|##################.######
#.# #.# #.# #)# #.# #.# #.#
#.###### #.# #.......


You could see an eye of devastation shaped shifter.

Vanquished Creatures
  An entropy weaver (D:7)
  Pikel (D:7)
  A wyvern (D:7)
  4 yaks (D:8)
  Eustachio (D:5)
  Menkaure (D:5)
  A steam dragon (D:8)
  3 water moccasins
  An orc warrior (D:7)
  5 ice beasts
  An ogre (D:3)
  A centaur (D:6)
  A phantom (D:4)
  A kobold brigand (D:9)
  A bullfrog (D:6)
  A gnoll sergeant (D:9)
  4 scorpions
  2 bombardier beetles (D:4)
  3 orc priests
  3 hounds
  3 jellies
  An iguana (D:5)
  Ijyb (D:5)
  Jessica (D:3)
  6 orc wizards
  7 adders
  6 gnolls
  A white imp (D:5)
  3 dart slugs
  4 ribbon worms
  15 orcs
  5 ball pythons
  2 bats (D:1)
  11 endoplasms
  2 giant cockroaches (D:4)
  9 goblins
  9 hobgoblins
  4 jackals (D:2)
  12 kobolds
  3 quokkas
  8 rats
150 creatures vanquished.

Vanquished Creatures (collateral kills)
  A rime drake (D:8)
  An acid dragon (D:9)
  An ice beast (D:8)
  An ogre (D:5)
  2 wolves (D:8)
  A scorpion (D:5)
  2 gnolls
  A kobold (D:4)
10 creatures vanquished.

Grand Total: 160 creatures vanquished

Notes
Turn   | Place    | Note
-------+----------+-------------------------------------------
     0 | D:1      | ezpacito the Demonspawn Chaos Knight began the quest for
                  | the Orb.
     0 | D:1      | Reached XP level 1. HP: 18/18 MP: 1/1
    34 | D:1      | Reached skill level 1 in Dodging
   175 | D:1      | XOM: cast spell 'Fugue of the Fallen'
   179 | D:1      | Gained mutation: You regenerate magic rapidly. [demonic
                  | ancestry]
   179 | D:1      | Reached XP level 2. HP: 24/24 MP: 2/2
   849 | D:2      | XOM: noise
   857 | D:2      | Reached XP level 3. HP: 26/29 MP: 3/3
   887 | D:2      | XOM: divination: detect items
   951 | D:2      | XOM: 2-stop teleportation journey
  1037 | D:2      | Found a faded altar of an unknown god.
  1663 | D:3      | Reached skill level 1 in Spellcasting
  1663 | D:3      | Reached XP level 4. HP: 35/35 MP: 5/5
  1705 | D:3      | Reached skill level 1 in Unarmed Combat
  1737 | D:3      | XOM: give mutations
  1737 | D:3      | Gained mutation: You expend magic power (3 MP) to
                  | strengthen your wands. [Xom's mischief]
  1737 | D:3      | Gained mutation: You are vulnerable to heat. (rF-) [Xom's
                  | mischief]
  1737 | D:3      | Gained mutation: Your spells are a little easier to cast,
                  | but a little less powerful. [Xom's mischief]
  1737 | D:3      | Gained mutation: You have hidden genetic potential. [Xom's
                  | mischief]
  2115 | D:3      | Noticed Jessica
  2126 | D:3      | Killed Jessica
  2127 | D:3      | Reached XP level 5. HP: 35/41 MP: 6/6
  2292 | D:3      | Gained mutation: You have supernaturally acute eyesight.
                  | (SInv) [hidden potential]
  2712 | D:3      | XOM: give mutations
  2712 | D:3      | Gained mutation: You occasionally lose the ability to read
                  | scrolls when taking damage. [Xom's mischief]
  2712 | D:3      | Gained mutation: Armour fits poorly on your strangely
                  | shaped body. [Xom's mischief]
  2712 | D:3      | Gained mutation: You are covered in fur. (AC +1) [Xom's
                  | mischief]
  2712 | D:3      | Lost mutation: You are vulnerable to heat. (rF-) [Xom's
                  | mischief]
  2712 | D:3      | Gained mutation: Your flesh is heat resistant. (rF+) [Xom's
                  | mischief]
  2740 | D:3      | Found a faded altar of an unknown god.
  2740 | D:3      | Noticed an ogre
  2740 | D:3      | Found the Hermit's Pendant {Faith Invo=14 Evo=0 MP+5}
  2746 | D:3      | Killed an ogre
  2747 | D:3      | Reached skill level 1 in Stealth
  2747 | D:3      | Gained mutation: When hurt, damage is shared between your
                  | health and your magic reserves. [demonic ancestry]
  2747 | D:3      | Reached XP level 6. HP: 40/48 MP: 8/8
  3139 | D:3      | XOM: silly message
  3384 | D:4      | XOM: 3-stop teleportation journey
  3417 | D:4      | Found Syohefiv's Assorted Antiques.
  3434 | D:4      | Bought a broad axe for 104 gold pieces
  3445 | D:4      | XOM: give mutation
  3445 | D:4      | Gained mutation: You are clumsy. (Dex -2) [Xom's mischief]
  3466 | D:4      | Found a shimmering blue altar of Sif Muna.
  3512 | D:4      | XOM: 4-stop teleportation journey
  3531 | D:4      | XOM: 2-stop teleportation journey
  3560 | D:4      | Reached skill level 1 in Polearms
  3560 | D:4      | Reached skill level 1 in Evocations
  3564 | D:4      | XOM: summons friendly quasit
  3585 | D:4      | Gained mutation: You have very sharp teeth. [hidden
                  | potential]
  3585 | D:4      | Lost mutation: You have hidden genetic potential. [hidden
                  | potential expressed]
  3730 | D:4      | Reached skill level 4 in Fighting
  3832 | D:4      | XOM: silly message
  3855 | D:4      | XOM: potion effect (invisibility)
  3969 | D:4      | Bought a scroll labelled LURIMUACET for 26 gold pieces
  3983 | D:5      | Entered Level 5 of the Dungeon
  4030 | D:5      | Gained mutation: When low on magic, you restore magic in
                  | place of health. [demonic ancestry]
  4030 | D:5      | Reached XP level 7. HP: 45/54 MP: 17/17
  4102 | D:5      | XOM: confuse monster(s)
  4113 | D:5      | Reached skill level 1 in Throwing
  4182 | D:5      | Noticed Ijyb
  4201 | D:5      | XOM: smoke on damage
  4203 | D:5      | XOM: summons 7 friendly demons
  4209 | D:5      | Killed Ijyb
  4289 | D:5      | Noticed Menkaure
  4289 | D:5      | XOM: 1-stop teleportation journey
  4300 | D:5      | Killed Menkaure
  4481 | D:5      | XOM: give mutation
  4481 | D:5      | Lost mutation: You have very sharp teeth. [Xom's mischief]
  4504 | D:5      | Learned a level 3 spell: Ozocubu's Armour
  4510 | D:5      | Learned a level 5 spell: Metabolic Englaciation
  4551 | D:5      | XOM: fog
  4593 | D:5      | XOM: give mutations
  4593 | D:5      | Lost mutation: Your spells are a little easier to cast, but
                  | a little less powerful. [Xom's mischief]
  4593 | D:5      | Lost mutation: Your flesh is heat resistant. (rF+) [Xom's
                  | mischief]
  4601 | D:5      | Reached XP level 8. HP: 42/61 MP: 18/18
  4689 | D:5      | XOM: god gift: knobbly glowing staff {god gift}
  4749 | D:5      | XOM: 5-stop teleportation journey
  5136 | D:5      | XOM: 4-stop teleportation journey
  5208 | D:5      | XOM: silly message
  5255 | D:5      | Noticed Eustachio
  5261 | D:5      | XOM: confusion (+ monsters)
  5270 | D:5      | XOM: confusion (+ monsters)
  5283 | D:5      | Killed Eustachio
  5391 | D:6      | XOM: stealth player
  5589 | D:6      | Found a blossoming altar of Fedhas.
  5591 | D:6      | Found a staircase to the Ecumenical Temple.
  5592 | D:6      | You fall into a shaft and drop 3 floors!
  5593 | D:9      | XOM: noise
  5605 | D:9      | Reached skill level 1 in Hexes
  5700 | D:9      | XOM: stat loss: -1 Int (11/12)
  5784 | D:9      | Reached skill level 5 in Fighting
  5869 | D:9      | XOM: summons 8 friendly demons
  5888 | D:9      | Identified the +2 war axe "Locriza" {venom, rC+ MP+9
                  | Stlth+}
  5914 | D:7      | XOM: divination: magic mapping
  5918 | D:7      | Gained mutation: You are partially covered in large bone
                  | plates. (SH +4) [demonic ancestry]
  5918 | D:7      | Reached XP level 9. HP: 22/68 MP: 19/19
  5941 | D:7      | Noticed Pikel
  5952 | D:7      | Killed Pikel
  6001 | D:7      | XOM: 5-stop teleportation journey
  6116 | D:7      | Noticed Joseph
  6120 | D:7      | XOM: blink monster(s)
  6124 | D:7      | Joseph changed into Joseph the entropy weaver
  6124 | D:7      | Noticed Joseph
  6124 | D:7      | XOM: polymorph Joseph -> Joseph the entropy weaver
  6156 | D:7      | XOM: polymorph water moccasin -> gnoll
  6360 | D:6      | XOM: silly message
  6369 | D:6      | XOM: give mutation
  6369 | D:6      | Lost mutation: You are clumsy. (Dex -2) [Xom's mischief]
  6421 | D:6      | Found a stormy altar of Qazlal.
  6477 | D:6      | XOM: god gift: potion of invisibility
  6691 | D:6      | Reached skill level 5 in Axes
  6726 | D:6      | XOM: god gift: ring mail {god gift}
  6877 | D:6      | XOM: give mutations
  6877 | D:6      | Gained mutation: You have a beak for a mouth. [Xom's grace]
  6877 | D:6      | Gained mutation: You have hidden genetic potential. [Xom's
                  | grace]
  6877 | D:6      | Gained mutation: Your movements are slightly less
                  | encumbered by armour. (ER -2) [Xom's grace]
  7268 | D:7      | Identified the ring of the Gloaming {Int+4 SInv Stlth+}
  7330 | D:7      | XOM: give mutations
  7330 | D:7      | Lost mutation: You occasionally lose the ability to read
                  | scrolls when taking damage. [Xom's mischief]
  7330 | D:7      | Lost mutation: You have a beak for a mouth. [Xom's
                  | mischief]
  7330 | D:7      | Gained mutation: You have large cloven feet. [Xom's
                  | mischief]
  7435 | D:7      | Killed Joseph the entropy weaver
  7646 | D:8      | Found Meicliutang's Book Emporium.
  7672 | D:8      | Learned a level 8 spell: Lehudib's Crystal Spear
  7688 | D:8      | Found a staircase to the Lair.
  7697 | D:8      | Reached skill level 6 in Fighting
  7697 | D:8      | Reached XP level 10. HP: 76/76 MP: 20/20
  7704 | D:8      | XOM: cast spell 'Summon Hydra'
  7713 | D:8      | Reached skill level 5 in Armour
  7827 | D:8      | XOM: summons 5 friendly demons
  7840 | D:8      | XOM: enchant monster (good)
  7846 | D:8      | Gained mutation: You have a pair of small antennae on your
                  | head. [hidden potential]
  8366 | D:8      | XOM: god gift: staff of earth
  8702 | D:8      | Noticed a two-headed ogre
  8703 | D:8      | XOM: summons friendly shadow imp
  8704 | D:8      | XOM: cleaving
  8713 | D:8      | Xom revived you
  8714 | D:8      | a two-headed ogre changed into a shapeshifter
  8714 | D:8      | XOM: polymorph two-headed ogre -> shapeshifter
  8714 | D:8      | a shapeshifter changed into an eye of devastation
  8714 | D:8      | Noticed an eye of devastation (shapeshifter)
  8715 | D:8      | Lost mutation: Your movements are slightly less encumbered
                  | by armour. (ER -2) [potion of mutation]
  8715 | D:8      | Lost mutation: You have supernaturally acute eyesight.
                  | (SInv) [potion of mutation]
  8715 | D:8      | Lost mutation: You expend magic power (3 MP) to strengthen
                  | your wands. [potion of mutation]
  8715 | D:8      | Gained mutation: Your body sometimes deteriorates upon
                  | taking damage. [potion of mutation]
  8715 | D:8      | Gained mutation: You have a pair of antennae on your head.
                  | [potion of mutation]
  8717 | D:8      | Killed from afar by an eye of devastation (shapeshifter)

Illustrated notes

Levels and vault maps discovered:
D:1:      ncdulo_smallfort, layout_loops_ring, due_unseen_surprise
D:2:      layout_basic, dreamdust_ecumenical_altar_angels_and_demons
D:3:      layout_loops_corners, mainiacjoe_overflow_24_doors,
          hellmonk_guarded_unrand_hermit, uniq_jessica
D:4:      layout_cave_pools, gammafunk_temple_overflow_wave, serial_shops,
          nicolae_shop_overgrown_old_shop
D:5:      layout_loops_cross, chequers_jeans, minmay_misc_feat_enclosed,
          uniq_eustachio, uniq_ijyb, uniq_menkaure
D:6:      layout_loops_corners, mainiacjoe_overflow_alcove_2,
          fedhas_bush_and_centaur_altar, minmay_temple_entry_statues,
          kennysheep_small_spiral
D:7:      layout_cave_pools, minmay_misc_feat_four_crosses, uniq_pikel,
          uniq_joseph
D:8:      layout_basic, hellmonk_lair_entry_icy, serial_shops,
          nicolae_shop_waterfront, nicolae_shop_mannequins
D:9:      layout_irregular_city, kennysheep_generic_room_3

Skill      XL: |  1  2  3  4  5  6  7  8  9 10 |
---------------+-------------------------------+-----
Dodging        | 1 2 3 4 |  4.9
Armour         | 2 3 4 5 |  5.1
Axes           | 3 4 5 |  5.5
Spellcasting   | 1 2 3 4 |  4.5
Unarmed Combat | 1 2 3 4 |  4.7
Stealth        | 1 2 3 |  3.4
Polearms       | 1 2 3 |  3.2
Evocations     | 1 2 3 |  3.0
Fighting       | 4 5 6 |  6.2
Throwing       | 1 2 3 |  3.0
Hexes          | 1 2 |  2.3
Conjurations   | |  0.8
Fire Magic     | |  0.8
Ice Magic      | |  0.7
Earth Magic    | |  0.8
Invocations    | |  0.3

Action                     |  1- 3 |  4- 6 |  7- 9 | 10-12 || total
---------------------------+-------+-------+-------+-------++-------
  Melee: Hand axe          |   163 |   142 |   167 |       ||   472
         Bite              |       |     2 |     5 |       ||     7
         War axe           |       |       |    60 |    46 ||   106
         Peck              |       |       |     6 |       ||     6
  Evoke: Wand              |       |       |     5 |     1 ||     6
    Use: Scroll            |       |     7 |     6 |     2 ||    15
         Potion            |       |       |     8 |     1 ||     9
   Stab: Sleeping          |     1 |     1 |     1 |       ||     3
         Invisible         |       |     2 |       |       ||     2
         Confused          |       |     1 |     2 |       ||     3
         Distracted        |       |     1 |       |       ||     1
         Paralysed         |       |       |     1 |       ||     1
 Armour: Leather armour    |    96 |    74 |   184 |       ||   354
         Chain mail        |       |       |    29 |    50 ||    79
  Dodge: Dodged            |    91 |    78 |   159 |    20 ||   348

Table legend: (Time is in decaauts)
 A = Elapsed time spent in this place.
 B = Non-inter-level travel time spent in this place.
 C = Inter-level travel time spent in this place.
 D = Time resting spent in this place.
 E = Time spent auto-exploring this place.
 F = Levels seen in this place.
 G = Mean time per level.
                   A        B        C        D        E       F      G
               +--------+--------+--------+--------+--------+-----+--------+
         Total |   8793 |   8362 |    431 |    222 |   6570 |   9 |  977.0 |
       Dungeon |   8793 |   8362 |    431 |    222 |   6570 |   9 |  977.0 |
               +--------+--------+--------+--------+--------+-----+--------+

Top non-repeatable levels by time:
     D:3: 1689 daAuts
     D:5: 1419 daAuts
     D:8: 1198 daAuts
     D:6: 1122 daAuts
     D:1: 830 daAuts
     D:2: 801 daAuts
     D:7: 712 daAuts
     D:4: 703 daAuts
     D:9: 316 daAuts
